 Dungeon Crawl Stone Soup version 0.28.0-53-g5a82cb258f (webtiles) character file.

Game seed: 5043207597457085543

1383 Diggabert the Grappler (level 8, -2/75 HPs)
             Began as a Troll Gladiator on Aug 13, 2022.
             Slain by an iguana (10 damage)
             ... on level 5 of the Dungeon.
             The game lasted 00:06:29 (3175 turns).

Diggabert the Grappler (Troll Gladiator)            Turns: 3175, Time: 00:06:30

Health: -2/75      AC:  4    Str: 25    XL:     8   Next: 40%
Magic:  7/7        EV:  8    Int:  4    God:
Gold:   152        SH: 12    Dex: 11    Spells: 7/7 levels left

rFire   + . .      SeeInvis .     - Unarmed
rCold   . . .      Faith    .   h - +0 tower shield
rNeg    . . .      Spirit   .   a - +0 robe
rPois   .          Reflect  .   b - +0 hat
rElec   .          Harm     .   (no cloak)
rCorr   .          Rampage  .   (gloves unavailable)
Will    .....                   (boots unavailable)
Stlth   +.........              (no amulet)
HPRegen 1.02/turn               d - ring of flight
MPRegen 0.10/turn               r - ring of protection from fire

@: flying
A: large, unfitting armour, claws 3, regeneration 1, shaggy fur 1, tough skin 1
a: no special abilities


You were on level 5 of the Dungeon.
You visited 1 branch of the dungeon, and saw 5 of its levels.

You collected 152 gold pieces.

Inventory:

Hand Weapons
 n - a +0 morningstar
 t - a +0 trident
Missiles
 c - 3 throwing nets (quivered)
 m - 3 poisoned darts
Armour
 a - a +0 robe (worn)
 b - a +0 hat (worn)
 h - a +0 tower shield (worn)
Jewellery
 d - a ring of flight (left claw)
 r - a ring of protection from fire (right claw)
 w - a ring of willpower
Wands
 e - a wand of iceblast (8)
 s - a wand of charming (7)
Scrolls
 p - a scroll of vulnerability {unknown}
 q - a scroll of enchant weapon {unknown}
 x - 2 scrolls of noise {unknown}
Potions
 f - a potion of might
 g - a potion of attraction {unknown}
 i - a potion of resistance
 j - a potion of invisibility
 k - a potion of curing
 l - 2 potions of lignification {unknown}
 o - a potion of mutation {unknown}
 u - a potion of ambrosia {unknown}
 v - a potion of brilliance {unknown}


   Skills:
 * Level 3.2 Fighting
 - Level 1.7 Throwing
 * Level 4.5 Dodging
 * Level 3.4 Shields
 * Level 8.0 Unarmed Combat


You had 7 spell levels left.
You didn't know any spells.
Your spell library contained the following spells:

 Spells                   Type           Power      Damage    Failure   Level
 Foxfire                  Conj/Fire      0%         2x1d4     99%         1
 Static Discharge         Conj/Air       0%         N/A       99%         2
 Conjure Flame            Conj/Fire      0%         6-21      100%        3
 Gell's Gravitas          Tloc           0%         N/A       100%        3
 Inner Flame              Hex/Fire       0%         N/A       100%        3
 Lesser Beckoning         Tloc           0%         N/A       100%        3
 Teleport Other           Tloc           0%         N/A       100%        3
 Flame Wave               Conj/Fire      0%         2d4       100%        4
 Lightning Bolt           Conj/Air       0%         1d11      100%        5
 Maxwell's Capacitive Co  Air            0%         ∞         100%        8


Dungeon Overview and Level Annotations

Branches:
Dungeon (5/15)
 Temple: D:4-7

Altars:
Elyvilon
Qazlal
Wu Jian
Zin


Innate Abilities, Weirdness & Mutations

You are too large for most types of armour.
You have claws for hands.
Your natural rate of healing is unusually fast.
You are covered in fur. (AC +1)
You have tough skin. (AC +1)


Message History

You scratch the ogre.
The ogre is lightly wounded.
You block the hound's attack.
You closely miss the ogre.
The ogre is lightly wounded.
You block the ogre's attack. The hound barely misses you.
You claw the ogre!
The ogre is severely wounded.
The hound bites you.
The ogre hits you with a +0 giant club!!
You block the hound's attack.
You claw the ogre!
The ogre is almost dead.
The hound bites you. The ogre hits you with a +0 giant club!
You block the hound's attack.
You are too injured to fight recklessly!
You are too injured to fight recklessly!
You are too injured to fight recklessly!
You barely miss the ogre.
The ogre is almost dead.
The hound barely misses you. The ogre hits you with a +0 giant club!
* * * LOW HITPOINT WARNING * * *
Unknown command.
You mangle the ogre!!
You kill the ogre!
You block the hound's attack. The iguana bites you!
* * * LOW HITPOINT WARNING * * *
The hound bites you.
* * * LOW HITPOINT WARNING * * *
Your Unarmed Combat skill increases to level 8!
Unknown command.
You scratch the hound.
The hound is moderately wounded.
The hound bites you but does no damage. You block the iguana's attack.
The hound bites you but does no damage.
Unknown command.
You mangle the hound!!
You kill the hound!
The iguana bites you!
You die...

........# ........#
........# ........#
........# ........#
###.....###############
......l@..............##
......).................
......############......
##.... #...... #...
#.†..## #...
#######'#### #..
..(........# #..
.#######.#.# #....


You could see an iguana.

Vanquished Creatures
  Grinder (D:3)
  A sky beast (D:5)
  A necrophage (D:4)
  2 ogres
  2 phantoms
  A bullfrog (D:5)
  A scorpion (D:5)
  A bullfrog zombie (D:5)
  A hound (D:5)
  2 orc priests
  4 iguanas
  Ijyb (D:3)
  Natasha (thrice) (D:3)
  5 orc wizards
  Robin (D:3)
  A gnoll (D:1)
  5 adders
  A white imp (D:5)
  2 worms (D:2)
  A dart slug (D:5)
  7 orcs
  5 bats
  5 endoplasms
  4 giant cockroaches
  10 goblins
  13 hobgoblins
  4 jackals (D:3)
  8 quokkas
  5 ball pythons
  3 frilled lizards
  4 kobolds
  2 rats
107 creatures vanquished.

Notes
Turn   | Place    | Note
-------+----------+-------------------------------------------
     0 | D:1      | Diggabert the Troll Gladiator began the quest for the Orb.
     0 | D:1      | Reached XP level 1. HP: 19/19 MP: 0/0
    58 | D:1      | Reached XP level 2. HP: 18/28 MP: 1/1
   238 | D:1      | Found a faded altar of an unknown god.
   892 | D:2      | Reached XP level 3. HP: 33/35 MP: 2/2
  1354 | D:3      | Noticed Ijyb
  1361 | D:3      | Killed Ijyb
  1362 | D:3      | Reached skill level 4 in Unarmed Combat
  1362 | D:3      | Reached XP level 4. HP: 40/42 MP: 3/3
  1379 | D:3      | Found a white marble altar of Elyvilon.
  1463 | D:3      | Noticed Robin
  1490 | D:3      | Killed Robin
  1631 | D:3      | Noticed Natasha
  1636 | D:3      | Killed Natasha
  1637 | D:3      | Reached skill level 1 in Shields
  1637 | D:3      | Reached XP level 5. HP: 41/49 MP: 4/4
  1652 | D:3      | Noticed Grinder
  1683 | D:3      | Killed Grinder
  1684 | D:3      | Reached skill level 5 in Unarmed Combat
  1684 | D:3      | Reached XP level 6. HP: 37/58 MP: 5/5
  1711 | D:3      | Noticed Natasha
  1718 | D:3      | Killed Natasha
  1824 | D:3      | Found a glowing silver altar of Zin.
  1833 | D:3      | Noticed Natasha
  1839 | D:3      | Killed Natasha
  1956 | D:4      | Found a stormy altar of Qazlal.
  1993 | D:4      | Reached skill level 6 in Unarmed Combat
  1993 | D:4      | Reached XP level 7. HP: 51/66 MP: 6/6
  2423 | D:4      | Found an ornate altar of the Wu Jian Council.
  2858 | D:5      | Entered Level 5 of the Dungeon
  2877 | D:5      | Reached skill level 7 in Unarmed Combat
  2976 | D:5      | Reached XP level 8. HP: 64/75 MP: 7/7
  3174 | D:5      | Reached skill level 8 in Unarmed Combat
  3175 | D:5      | Slain by an iguana

Illustrated notes

Levels and vault maps discovered:
D:1:      scummos_arrival_checkerplants, layout_loops_corners,
          hellmonk_ecumenical_altar_inner_sanctum
D:2:      layout_rooms
D:3:      layout_rooms, zin_scriptorium, elyvilon_altar_1,
          minmay_misc_feat_hallway, uniq_grinder, uniq_natasha, uniq_ijyb,
          uniq_robin
D:4:      layout_rooms, nzn_wu_jian_council_hall,
          nicolae_qazlal_scattered_showers, serial_co_window_serial,
          co_window_corner_a, co_window_corner_a, co_window_paths_a,
          co_window_paths_a, co_window_corner_a, co_window_paths_b,
          co_window_paths_b, co_window_paths_b, co_window_paths_b,
          co_window_of_opportunity_c, co_window_corner_cb,
          co_window_of_opportunity_b, co_window_broadway_b, co_window_paths_d,
          glass_columns_b, glass_columns_b
D:5:      layout_basic, jmf_multi_god_temple2, lemuel_doored_altar

Skill      XL: |  1  2  3  4  5  6  7  8 |
---------------+-------------------------+-----
Dodging        | 3 4 |  4.5
Fighting       | 2 3 |  3.2
Unarmed Combat | 4 5 6 7 8 |  8.0
Shields        | 1 2 3 |  3.4
Throwing       | |  1.7

Action                   |  1- 3 |  4- 6 |  7- 9 || total
-------------------------+-------+-------+-------++-------
Melee: Unarmed           |    91 |   127 |   115 ||   333
       Punch             |     3 |       |       ||     3
  Use: Scroll            |     4 |       |       ||     4
Armor: Robe              |    31 |    29 |    20 ||    80
Dodge: Dodged            |    38 |    29 |    20 ||    87
Block: Tower shield      |    30 |    67 |    60 ||   157
